 Dungeon Crawl Stone Soup version bcrawl-1.28 (webtiles) character file.

Game seed: 13978585370120215522

448960 MisterOstroum the Quickloader (level 12, -8/106 HPs)
             Began as a Minotaur Hunter on Nov 29, 2020.
             Was a High Priest of Okawaru.
             Mangled by a cane toad (13 damage)
             ... on level 3 of the Lair of Beasts.
             The game lasted 00:24:25 (12510 turns).

MisterOstroum the Quickloader (Minotaur Hunter)    Turns: 12510, Time: 00:24:26

Health: -8/106     AC: 14    Str: 20    XL:     12   Next: 66%
Magic:  0/16       EV: 17    Int: 11    God:    Okawaru [*****.]
Gold:   840        SH:  0    Dex: 15    Spells: 11/11 levels left

rFire    + . .     SeeInvis +   a - +1 arbalest (flame)
rCold    . . .     Gourm    .   (shield currently unavailable)
rNeg     . . .     Faith    .   R - +2 ring mail {rF+}
rPois    .         Spirit   +   (helmet restricted)
rElec    .         Reflect  .   V - +0 cloak
rCorr    .         Harm     .   k - +2 pair of gloves
MR       .....                  (no boots)
Stlth    +++.......             D - amulet of guardian spirit
HPRegen  0.27/turn              (no ring)
MPRegen  0.15/turn              t - ring of the Sparrow {Int+3 Dex+2 SInv Stlth++}

@: no status effects
A: retaliatory headbutt, horns 2
a: Heroism, Finesse, Renounce Religion


You were on level 3 of the Lair of Beasts.
You worshipped Okawaru.
Okawaru was extremely pleased with you.
You were not hungry.

You visited 3 branches of the dungeon, and saw 13 of its levels.
You also visited: Volcano.

You collected 840 gold pieces.

Inventory:

Hand Weapons
 a - a +1 arbalest of flaming (weapon)
 b - a +2 rapier of venom
 n - a +0 spear
 N - a +0 battleaxe of chopping
Missiles
 d - 1234 bolts (quivered)
 f - 1882 arrows
 j - 2012 stones
 m - 198 poisoned needles
 G - 759 sling bullets
 J - a throwing net {=f!f}
 L - 235 poisoned tomahawks
Armour
 k - a +2 pair of gloves (worn)
 O - a +2 leather armour of poison resistance
 R - a +2 ring mail of fire resistance (worn)
 T - a +0 chain mail of fire resistance
 U - a scarf of stasis
 V - a +0 cloak (worn)
Jewellery
 t - the ring of the Sparrow (right hand) {Int+3 Dex+2 SInv Stlth++}
   (You found it on level 8 of the Dungeon)

   [ring of stealth]

   It affects your intelligence (+3).
   It affects your dexterity (+2).
   It lets you see invisible.
   It makes you much more stealthy.
 C - a cursed ring of teleportation {unknown}
 D - an amulet of guardian spirit (around neck)
Wands
 s - a wand of paralysis (7)
 z - a wand of flame (15)
 M - a wand of polymorph (13)
Scrolls
 g - 3 scrolls of enchant weapon
 l - 4 scrolls of enchant armour
 p - 3 scrolls of fear {!r}
 q - 2 scrolls of fog {unknown}
 r - 4 scrolls of teleportation
 u - 3 scrolls of remove curse {@r2}
 v - a scroll of noise {unknown}
 y - 2 scrolls of magic mapping
 E - 4 scrolls of blinking {@r4}
 Q - a scroll of acquirement {unknown}
Potions
 c - a potion of heal wounds {unknown}
 h - 2 potions of haste {unknown}
 i - 2 potions of cancellation
 o - 6 potions of curing {@q1 !q}
 w - 2 potions of flight
 x - 2 potions of mutation
 A - 2 potions of agility {@q5 !q}
 F - 3 potions of berserk rage
 H - a potion of resistance {unknown}
 I - a potion of invisibility {unknown}
 K - 3 potions of brilliance {unknown}
 S - a potion of might {unknown}
Comestibles
 e - 19 rations {!d}
 B - 14 chunks of flesh


   Skills:
 + Level 10.1 Fighting
 - Level 4.0 Short Blades
 - Level 3.1 Axes
 + Level 13.0 Crossbows
 + Level 10.4 Armour
 + Level 10.0 Dodging
 - Level 0.8 Stealth
 + Level 7.3 Invocations
 + Level 4.8 Evocations


You had 11 spell levels left.
You didn't know any spells.
Your spell library contained the following spells:

 Spells                   Type           Power        Failure   Level  Hunger
 Summon Butterflies       Summ           #.......     47%         1    None
 Ozocubu's Armour         Chrm/Ice       #.......     85%         3    #####..
 Recall                   Summ/Tloc      N/A          85%         3    #####..
 Bolt of Cold             Conj/Ice       #.........   100%        6    #######
 Monstrous Menagerie      Summ           #.........   100%        7    #######


Dungeon Overview and Level Annotations

Branches:
Dungeon (9/12)             Temple (1/1) D:6            Lair (3/6) D:8
 Shoals (0/3) Lair:2        Snake (0/3) Lair:3
    Orc: D:8-11

Altars:
Ashenzari
Cheibriados
Dithmenos
Elyvilon
Fedhas
Gozag
Hepliaklqana
Kikubaaqudgha
Lugonu
Makhleb
Nemelex Xobeh
Okawaru
Qazlal
Sif Muna
Trog
Uskayaw
Vehumet
Xom
Yredelemnul
Zin
The Shining One

Shops:
D:5 [

Annotations:
D:6 1 runed translucent door, dscm's ghost, amateur DrAc
D:9 Erolcha
Lair:2 exclusion: oklob plant


Innate Abilities, Weirdness & Mutations

You reflexively headbutt those who attack you in melee.
You have a pair of horns on your head.


Message History

The water moccasin completely misses you.
You furiously retaliate!
You headbutt the water moccasin.
The water moccasin completely misses you.
You furiously retaliate!
You headbutt the water moccasin!
You kill the water moccasin!
Okawaru accepts your kill.
No target in view!
You see here a water moccasin corpse.
Found a staircase to the Snake Pit.
You see here a +0 halberd.
You enter the shallow water.
Moving in this stuff is going to be slow.
You see here a rime drake corpse.
You butcher the rime drake corpse.
You hear a splash.
B - 14 chunks of flesh (gained 6)
You see here a rime drake skeleton.
A six-headed hydra comes into view.
You feel like a meek peon again.
There is a staircase to the Snake Pit here.
Firing (i - inventory. (/) - cycle)
d - 1242 bolts (quivered)
Press: ? - help, Shift-Dir - straight line, f - six-headed hydra
Aim: a six-headed hydra (hasn't noticed you)
You shoot a bolt.
The bolt barely misses the six-headed hydra.
The six-headed hydra roars!
Firing (i - inventory. (/) - cycle)
d - 1241 bolts (quivered)
Press: ? - help, Shift-Dir - straight line, f/p - six-headed hydra
Aim: a six-headed hydra You shoot a bolt.
The bolt hits the six-headed hydra.
The bolt burns the six-headed hydra.
The six-headed hydra is lightly wounded.
Firing (i - inventory. (/) - cycle)
d - 1240 bolts (quivered)
Press: ? - help, Shift-Dir - straight line, f/p - six-headed hydra
Aim: a six-headed hydra (lightly wounded)
You shoot a bolt.
The bolt barely misses the six-headed hydra.
A cane toad comes into view.
Firing (i - inventory. (/) - cycle)
d - 1239 bolts (quivered)
Press: ? - help, Shift-Dir - straight line, f/p - six-headed hydra
Aim: a six-headed hydra (lightly wounded)
You shoot a bolt. The cane toad gives a loud, deep croak!
The bolt hits the six-headed hydra!!
The bolt burns the six-headed hydra!
The six-headed hydra is heavily wounded.
You hear a croak.
The six-headed hydra bites you. The six-headed hydra misses you.
The six-headed hydra bites you.
The six-headed hydra bites you but does no damage.
The six-headed hydra bites you!
The six-headed hydra bites you but does no damage.
Firing (i - inventory. (/) - cycle)
d - 1238 bolts (quivered)
Press: ? - help, Shift-Dir - straight line, f/p - six-headed hydra
Aim: a six-headed hydra (moderately wounded)
You shoot a bolt.
The bolt completely misses the six-headed hydra.
The six-headed hydra misses you. The six-headed hydra bites you. x2
The six-headed hydra closely misses you. x3
Firing (i - inventory. (/) - cycle)
d - 1237 bolts (quivered)
Press: ? - help, Shift-Dir - straight line, f/p - six-headed hydra
Aim: a six-headed hydra (moderately wounded)
You shoot a bolt. The bolt hits the six-headed hydra!!
The bolt burns the six-headed hydra!
The six-headed hydra is severely wounded.
The six-headed hydra bites you! The six-headed hydra bites you.
The six-headed hydra misses you. The six-headed hydra bites you! x2
The six-headed hydra misses you. The six-headed hydra barely misses you.
The six-headed hydra closely misses you. x2
The six-headed hydra barely misses you. The six-headed hydra bites you!
The six-headed hydra barely misses you.
You are too injured to fight recklessly!
Firing (i - inventory. (/) - cycle)
d - 1236 bolts (quivered)
Press: ? - help, Shift-Dir - straight line, f/p - six-headed hydra
Aim: a six-headed hydra (severely wounded)
You shoot a bolt. The bolt hits the six-headed hydra.
The six-headed hydra is severely wounded.
The cane toad misses you. The six-headed hydra misses you.
The six-headed hydra bites you. The six-headed hydra misses you.
The six-headed hydra bites you. The six-headed hydra misses you.
The six-headed hydra closely misses you.
Firing (i - inventory. (/) - cycle)
d - 1235 bolts (quivered)
Press: ? - help, Shift-Dir - straight line, f/p - six-headed hydra
Aim: a six-headed hydra (severely wounded)
You shoot a bolt. The bolt hits the six-headed hydra.
The bolt burns the six-headed hydra.
The six-headed hydra is almost dead.
The cane toad hits you!
* * * LOW HITPOINT WARNING * * *
The six-headed hydra bites you!
* * * LOW HITPOINT WARNING * * *
The six-headed hydra bites you but does no damage.
The six-headed hydra bites you!
* * * LOW HITPOINT WARNING * * *
The six-headed hydra closely misses you.
The six-headed hydra bites you.
* * * LOW HITPOINT WARNING * * *
The six-headed hydra bites you!
* * * LOW HITPOINT WARNING * * *
The cane toad hits you!
You die...

..........# ..........##
.....≈≈≈≈≈.##
..P≈≈≈≈≈≈≈≈.##
...≈≈≈...≈≈≈.#
.≈≈≈≈...≈P≈≈≈##
...........≈≈≈..F..≈≈≈P##
...........≈≈≈.D@...≈≈≈≈#
...........≈≈..≈.P..≈≈≈#
..........≈≈≈≈...≈.≈≈≈##
............≈≈≈...≈≈≈≈#
............≈≈≈≈≈≈≈≈.##
............P≈≈≈≈÷≈.##
#............P.....≈#
...####.......#..)###
...## #..........†#


You could see a six-headed hydra and a cane toad.

Vanquished Creatures
  A red draconian (Volcano)
  A centaur warrior (Volcano)
  2 hydras (Lair:2)
  A catoblepas (Lair:2)
  Erica (Lair:1)
  A skeletal warrior (D:8)
  A merfolk siren (Lair:2)
  2 black mambas
  2 molten gargoyles (Volcano)
  3 cane toads
  3 rime drakes
  3 komodo dragons
  A troll (D:8)
  A queen bee (D:8)
  Prince Ribbit (D:6)
  2 hippogriffs
  Grinder (D:5)
  29 yaks
  2 basilisks
  6 fire bats (Volcano)
  2 steam dragons
  A naga (Lair:3)
  2 hell hounds (Lair:1)
  4 crocodiles
  7 water moccasins
  7 porcupines
  3 orc warriors
  A black bear (D:7)
  2 necrophages
  3 ogres
  8 wolves
  5 centaurs
  A big kobold (D:6)
  10 bullfrogs
  Blork the orc (D:6)
  A gnoll sergeant (D:4)
  7 scorpions
  16 killer bees (D:8)
  3 electric eels (D:8)
  3 wights (D:8)
  A howler monkey (D:5)
  5 lava snakes (Volcano)
  3 crimson imps
  5 hounds
  A bullfrog skeleton (D:5)
  4 orc priests
  2 orc wizards
  5 iguanas
  7 worker ants
  2 hound zombies
  A hound skeleton (D:6)
  11 gnolls
  12 adders
  2 shadow imps (D:7)
  An ooze (D:2)
  3 adder skeletons
  3 worms
  3 dart slugs
  6 leopard geckos
  17 orcs
  8 bats
  3 giant cockroaches
  3 goblins
  14 hobgoblins
  4 jackals (D:2)
  17 kobolds
  3 quokkas
  A ball python (D:2)
  6 frilled lizards
  A quokka zombie (D:5)
  7 rats
312 creatures vanquished.

Vanquished Creatures (others)
  6 fungi
  5 plants
11 creatures vanquished.

Grand Total: 323 creatures vanquished

Notes
Turn   | Place    | Note
-------+----------+-------------------------------------------
     0 | D:1      | MisterOstroum the Minotaur Hunter began the quest for the
                  | Orb.
     0 | D:1      | Reached XP level 1. HP: 18/18 MP: 0/0
   113 | D:1      | Reached XP level 2. HP: 25/25 MP: 1/1
   437 | D:1      | Reached XP level 3. HP: 28/30 MP: 2/2
   583 | D:1      | Reached skill level 5 in Crossbows
   798 | D:2      | Reached skill level 1 in Armour
  1119 | D:2      | Reached XP level 4. HP: 15/38 MP: 3/3
  1833 | D:3      | Found a shimmering blue altar of Sif Muna.
  2313 | D:3      | Reached XP level 5. HP: 45/45 MP: 4/4
  2447 | D:3      | Found a basalt altar of Yredelemnul.
  2645 | D:3      | Reached skill level 1 in Short Blades
  3365 | D:4      | Reached XP level 6. HP: 44/51 MP: 5/5
  3593 | D:4      | Reached skill level 6 in Crossbows
  3688 | D:4      | Found a radiant altar of Vehumet.
  4206 | D:4      | Reached XP level 7. HP: 40/59 MP: 6/6
  4388 | D:5      | Entered Level 5 of the Dungeon
  4390 | D:5      | Noticed Grinder
  4391 | D:5      | Paralysed by Grinder for 4 turns
  4412 | D:5      | Killed Grinder
  4467 | D:5      | Found a stormy altar of Qazlal.
  4520 | D:5      | Found a shimmering altar of Xom.
  4564 | D:5      | Reached skill level 7 in Crossbows
  4587 | D:5      | Reached skill level 5 in Fighting
  4695 | D:5      | Found Zibariy's Antique Armour Shop.
  4924 | D:5      | Reached XP level 8. HP: 57/68 MP: 4/7
  4997 | D:5      | Found a glowing silver altar of Zin.
  5070 | D:5      | Found a glowing golden altar of the Shining One.
  5074 | D:5      | Found a shadowy altar of Dithmenos.
  5074 | D:5      | Found a hide-covered altar of Uskayaw.
  5085 | D:5      | Found a shattered altar of Ashenzari.
  5095 | D:5      | Found a hazy altar of Hepliaklqana.
  5416 | D:6      | Noticed Prince Ribbit
  5462 | D:6      | Killed Prince Ribbit
  5462 | D:6      | Reached skill level 8 in Crossbows
  5462 | D:6      | Reached skill level 5 in Dodging
  5551 | D:6      | Found a runed translucent door.
  5566 | D:6      | Reached skill level 5 in Armour
  5662 | D:6      | Found a runed door.
  5836 | D:6      | Noticed Blork the orc
  5845 | D:6      | Killed Blork the orc
  5882 | D:6      | Found a staircase to the Ecumenical Temple.
  5891 | Temple   | Entered the Ecumenical Temple
  5930 | Temple   | Became a worshipper of Warmaster Okawaru
  6015 | D:6      | Noticed dscm's ghost (amateur DrAc)
  6427 | D:7      | Reached skill level 9 in Crossbows
  6427 | D:7      | Reached XP level 9. HP: 53/77 MP: 5/8
  6938 | D:7      | Found an opulent altar of Gozag.
  6996 | D:7      | Reached * piety under Okawaru
  7449 | D:8      | Noticed a queen bee
  7456 | D:8      | Killed a queen bee
  7456 | D:8      | Reached skill level 10 in Crossbows
  7521 | D:8      | Reached ** piety under Okawaru
  7521 | D:8      | Reached skill level 1 in Invocations
  7615 | D:8      | Identified the Incunabulum of Ice and Summoning
  7626 | D:8      | Noticed a troll
  7645 | D:8      | Killed a troll
  7866 | D:8      | Reached XP level 10. HP: 88/88 MP: 10/10
  7894 | D:8      | Got a steaming copper ring
  8231 | D:8      | Found a staircase to the Lair.
  8634 | D:9      | Identified the ring of the Sparrow {Int+3 Dex+2 SInv
                  | Stlth++} (You found it on level 8 of the Dungeon)
  8653 | D:9      | Reached *** piety under Okawaru
  8891 | D:9      | Noticed Erolcha
  9043 | D:9      | Noticed a skeletal warrior
  9043 | D:9      | Noticed a skeletal warrior
  9043 | D:9      | Noticed a skeletal warrior
  9043 | D:9      | Noticed a skeletal warrior
  9043 | D:9      | Noticed a skeletal warrior
  9128 | D:8      | Killed a skeletal warrior
  9128 | D:8      | Reached skill level 1 in Evocations
  9162 | Lair:1   | Entered Level 1 of the Lair of Beasts
  9187 | Lair:1   | Reached **** piety under Okawaru
  9189 | Lair:1   | Received a gift from Okawaru
  9263 | Lair:1   | Got a shimmering dagger
  9266 | Lair:1   | Identified the +10 dagger of Yrrod {flame, rElec rC+} (You
                  | found it on level 1 of the Lair of Beasts)
  9294 | Lair:1   | Noticed a cane toad
  9303 | Lair:1   | Killed a cane toad
  9321 | Lair:1   | Found a dark tunnel.
  9334 | Lair:1   | Reached skill level 1 in Axes
  9414 | Volcano  | Entered a volcano
  9448 | Volcano  | Received a gift from Okawaru
  9448 | Volcano  | Reached skill level 5 in Invocations
  9599 | Volcano  | Reached XP level 11. HP: 88/97 MP: 10/13
  9637 | Volcano  | Received a gift from Okawaru
  9730 | Volcano  | Found a burning altar of Makhleb.
  9730 | Volcano  | Noticed a centaur warrior
  9742 | Volcano  | Killed a centaur warrior
  9794 | Volcano  | Received a gift from Okawaru
  9874 | Volcano  | Noticed a red draconian
  9885 | Volcano  | Killed a red draconian
 10037 | Lair:1   | Noticed Erica
 10041 | Lair:1   | Killed Erica
 10041 | Lair:1   | Reached ***** piety under Okawaru
 10041 | Lair:1   | Received a gift from Okawaru
 10206 | Lair:1   | Received a gift from Okawaru
 10212 | Lair:1   | Reached skill level 10 in Fighting
 10805 | Lair:2   | Noticed a catoblepas
 10841 | Lair:2   | Received a gift from Okawaru
 10944 | Lair:2   | Reached skill level 10 in Armour
 10944 | Lair:2   | Reached XP level 12. HP: 104/106 MP: 14/16
 11008 | Lair:2   | Killed a catoblepas
 11008 | Lair:2   | Reached skill level 11 in Crossbows
 11025 | Lair:2   | Received a gift from Okawaru
 11195 | Lair:2   | Received a gift from Okawaru
 11294 | Lair:2   | Noticed a four-headed hydra
 11333 | Lair:2   | Reached skill level 12 in Crossbows
 11563 | Lair:2   | Noticed a six-headed hydra
 11568 | Lair:2   | Killed a six-headed hydra
 11942 | Lair:2   | Found a staircase to the Shoals.
 12245 | Lair:2   | Killed a four-headed hydra
 12245 | Lair:2   | Reached skill level 13 in Crossbows
 12479 | Lair:3   | Reached skill level 10 in Dodging
 12493 | Lair:3   | Found a staircase to the Snake Pit.
 12500 | Lair:3   | Noticed a six-headed hydra
 12510 | Lair:3   | HP: 5/106 [six-headed hydra (8)]
 12510 | Lair:3   | Mangled by a cane toad

Skill      XL: |  1  2  3  4  5  6  7  8  9 10 11 12 |
---------------+-------------------------------------+-----
Crossbows      | 5 6 7 9 10 13 | 13.0
Fighting       | 3 4 5 6 7 9 10 | 10.1
Armour         | 1 2 4 5 7 9 10 | 10.4
Dodging        | 3 4 5 7 8 9 10 | 10.0
Short Blades   | 3 4 |  4.0
Invocations    | 2 5 7 |  7.3
Evocations     | 2 4 |  4.8
Axes           | 1 3 |  3.1
Stealth        | |  0.8

Action                   |  1- 3 |  4- 6 |  7- 9 | 10-12 || total
-------------------------+-------+-------+-------+-------++-------
Melee: Short sword       |    19 |       |       |       ||    19
       Headbutt          |    21 |    24 |    37 |    44 ||   126
       Dagger            |   120 |    50 |       |     2 ||   172
       Rapier            |       |    55 |   184 |   160 ||   399
       Battleaxe         |       |       |       |    24 ||    24
       Punch             |       |       |       |     2 ||     2
 Fire: Hand crossbow     |       |    42 |   130 |    85 ||   257
       Arbalest          |       |       |       |   205 ||   205
Throw: Stone             |    16 |    33 |     4 |       ||    53
Invok: Heroism           |       |       |       |    20 ||    20
Evoke: Wand              |       |       |     1 |     2 ||     3
  Use: Scroll            |       |     2 |     2 |    12 ||    16
       Potion            |       |       |       |     1 ||     1
 Stab: Distracted        |       |       |       |     1 ||     1
       Sleeping          |       |       |       |     4 ||     4
  Eat: Chunk             |     4 |    14 |    14 |    21 ||    53
       Ration            |       |       |     2 |     3 ||     5
Armor: Leather armour    |     5 |       |       |       ||     5
       Scale mail        |    49 |    50 |    59 |       ||   158
       Plate armour      |       |       |    54 |   107 ||   161
       Steam dragon scal |       |       |       |     5 ||     5
       Ring mail         |       |       |       |    32 ||    32
Dodge: Dodged            |    76 |    55 |   133 |   243 ||   507
Block: Buckler           |       |       |       |     9 ||     9
